 Dungeon Crawl Stone Soup version 0.24.0-1-gfbc8707122 (webtiles) character file.

Game seed: 17476817756746027496, levelgen mode: deterministic

23653 Monsterracer the Severer (level 12, 0/169 HPs)
             Began as a Minotaur Berserker on Oct 25, 2019.
             Was a High Priest of Trog.
             Slain by a six-headed hydra (3 damage)
             ... on level 5 of the Lair of Beasts.
             The game lasted 00:14:44 (17889 turns).

Monsterracer the Severer (Minotaur Berserker)      Turns: 17889, Time: 00:14:45

Health: 0/169      AC: 15    Str: 29    XL:     12   Next: 73%
Magic:  11/11      EV: 11    Int:  4    God:    Trog [*****.]
Gold:   914        SH:  0    Dex: 13    Spells: 11/11 levels left

rFire    . . .     SeeInvis .   b - +6 flail
rCold    + . .     Gourm    .   (no shield)
rNeg     . . .     Faith    .   A - +0 plate armour
rPois    .         Spirit   .   (helmet restricted)
rElec    .         Reflect  .   (no cloak)
rCorr    .         Harm     .   (no gloves)
MR       +....                  (no boots)
Stlth    ..........             g - amulet of magic regeneration
HPRegen  0.38/turn              C - ring of protection from cold
MPRegen  0.37/turn              M - ring of protection from magic

@: berserking, lethally poisoned (0 -> -3), drained, very quick
A: retaliatory headbutt, horns 2
a: Berserk, Trog's Hand, Brothers in Arms, Renounce Religion


You were on level 5 of the Lair of Beasts.
You worshipped Trog.
Trog was extremely pleased with you.
You were not hungry.

You visited 2 branches of the dungeon, and saw 13 of its levels.

You collected 914 gold pieces.

Inventory:

Hand Weapons
 a - a +0 battleaxe
   (You took it off a naga on level 4 of the Lair of Beasts)
 b - a +6 flail (weapon)
   (You took it off a wight on level 6 of the Dungeon)
 H - a +1 antimagic executioner's axe
   (Trog gifted it to you on level 2 of the Lair of Beasts)
Missiles
 B - a throwing net (quivered) {!f}
Armour
 n - a +1 robe of resistance
   (You took it off Jessica on level 2 of the Dungeon)
 A - a +0 plate armour (worn)
   (You took it off an orc warrior on level 6 of the Dungeon)
Jewellery
 g - an amulet of magic regeneration (around neck)
   (You found it on level 1 of the Dungeon)
 i - an uncursed ring of positive energy
   (You found it on level 1 of the Dungeon)
 q - an uncursed ring of protection from cold
   (You took it off a goblin on level 3 of the Dungeon)
 C - a ring of protection from cold (left hand)
   (You found it on level 1 of the Dungeon)
 M - a ring of protection from magic (right hand)
   (You found it on level 4 of the Lair of Beasts)
Wands
 d - a wand of digging (9)
   (You took it off Sigmund on level 3 of the Dungeon)
 o - a wand of iceblast (14)
   (You took it off Pikel on level 7 of the Dungeon)
 w - a wand of flame (67)
   (You found it on level 3 of the Dungeon)
 G - a wand of disintegration (6)
   (You found it on level 2 of the Lair of Beasts)
 J - a wand of acid (10)
   (You found it on level 2 of the Lair of Beasts)
 K - a wand of polymorph (7)
   (You found it on level 4 of the Lair of Beasts)
 L - a wand of scattershot (5)
   (You found it on level 4 of the Lair of Beasts)
Scrolls
 m - a scroll of magic mapping
 p - 2 scrolls of enchant weapon
 r - a scroll of remove curse
 t - 10 scrolls of teleportation {!r}
 v - a scroll of random uselessness {unknown}
 y - 2 scrolls of enchant armour {unknown}
 E - a scroll of acquirement {unknown}
 N - a scroll of fog {unknown}
 P - a scroll of vulnerability {unknown}
 X - a scroll of blinking
Potions
 e - 6 potions of curing
 h - 3 potions of flight
 j - 3 potions of lignification
 k - a potion of magic {unknown}
 l - 2 potions of ambrosia {unknown}
 s - a potion of resistance {unknown}
 x - 2 potions of cancellation {unknown}
 z - 2 potions of brilliance
 D - a potion of agility {unknown}
 I - a potion of berserk rage {unknown}
 O - 2 potions of mutation {unknown}
Miscellaneous
 F - a sack of spiders
Comestibles
 c - 24 rations


   Skills:
 + Level 12.5(11.2) Fighting
 * Level 16.6(15.1) Axes
 + Level 12.3(11.0) Armour
 - Level 7.9(6.7) Dodging


You had 11 spell levels left.
You didn't know any spells.
Your spell library was empty.

Dungeon Overview and Level Annotations

Branches:
Dungeon (8/15)             Temple (0/1) D:7            Lair (5/6) D:8
 Shoals (0/4) Lair:3        Snake (0/4) Lair:4
  Slime: Lair:5-6

Altars:
Ashenzari
Cheibriados
Dithmenos
Okawaru
Ru
Sif Muna
Uskayaw
Vehumet
Wu Jian
Xom
Yredelemnul
The Shining One

Shops:
D:6 !   D:7 (

Annotations:
Lair:3 exclusion: 3 oklob plants


Innate Abilities, Weirdness & Mutations

You reflexively headbutt those who attack you in melee.
You have a pair of horns on your head.


Message History

Your two-headed ogre rages. x2
Things that are here:
a spiny frog corpse x2
There isn't anything edible to butcher here.
You swap places.
Your two-headed ogre rages.
You start resting.
Your two-headed ogre rages.
You feel yourself speed up.
Your two-headed ogre rages.
You start resting.
Your two-headed ogre rages. x2
You hear a loud, deep croak! x3
Your two-headed ogre rages.
You recover from your berserk rage.
Your two-headed ogre rages.
Unknown command.
You start resting.
Your two-headed ogre rages. x2
Your two-headed ogre is no longer berserk.
Your two-headed ogre disappears in a puff of smoke!
A spiny frog comes into view.
A spiny frog is nearby!
A spiny frog is nearby!
You are too injured to fight recklessly!
You are too injured to fight recklessly!
You are too injured to fight recklessly!
You slice the spiny frog!!
The spiny frog is almost dead.
You hear a roar!
A six-headed hydra comes into view.
The spiny frog stings you.
You are poisoned.
The spiny frog poisons you!
Your plate armour prevents you from hitting the spiny frog.
Your headbutt misses the spiny frog.
The spiny frog is almost dead.
You feel sick.
The spiny frog stings you but does no damage.
You slash the spiny frog!
You kill the spiny frog!
Trog accepts your kill.
You feel sick.
You barely miss the six-headed hydra.
You feel sick.
The six-headed hydra bites you but does no damage.
The six-headed hydra bites you.
The six-headed hydra closely misses you.
The six-headed hydra bites you. x2
The six-headed hydra closely misses you.
b - a +6 flail (weapon)
The six-headed hydra bites you but does no damage.
The six-headed hydra barely misses you. The six-headed hydra bites you!
* * * LOW HITPOINT WARNING * * *
The six-headed hydra bites you.
* * * LOW HITPOINT WARNING * * *
The six-headed hydra bites you!
* * * LOW HITPOINT WARNING * * *
The six-headed hydra bites you.
* * * LOW HITPOINT WARNING * * *
Unknown command.
Unknown command.
A red film seems to cover your vision as you go berserk!
You feel yourself moving faster!
You feel mighty!
You feel quite a bit more hungry.
You feel sick.
The six-headed hydra bites you but does no damage.
The six-headed hydra bites you.
* * * LOW HITPOINT WARNING * * *
The six-headed hydra bites you.
* * * LOW HITPOINT WARNING * * *
The six-headed hydra closely misses you.
The six-headed hydra bites you!
* * * LOW HITPOINT WARNING * * *
The six-headed hydra bites you but does no damage.
You bludgeon the six-headed hydra!! You headbutt the six-headed hydra!
The six-headed hydra is heavily wounded.
You feel sick.
Unknown command.
You sock the six-headed hydra!
Your headbutt misses the six-headed hydra.
The six-headed hydra is heavily wounded.
You feel sick. The six-headed hydra bites you!
* * * LOW HITPOINT WARNING * * *
The six-headed hydra bites you!
* * * LOW HITPOINT WARNING * * *
The six-headed hydra bites you.
* * * LOW HITPOINT WARNING * * *
The six-headed hydra bites you but does no damage.
The six-headed hydra barely misses you. The six-headed hydra bites you!
* * * LOW HITPOINT WARNING * * *
Unknown command.
You sock the six-headed hydra! You headbutt the six-headed hydra!
The six-headed hydra is almost dead.
You hit the six-headed hydra.
The six-headed hydra is almost dead.
You feel sick.
The six-headed hydra bites you but does no damage. x4
The six-headed hydra bites you.
* * * LOW HITPOINT WARNING * * *
The six-headed hydra bites you.
You die...

PP.....§F......
#..#P##...#.##.
#..##.#F.......
###.....#...
.P..#######..P.
#....###### ...
....## #..#.####
... #.†##
##......P### ..
#..## #P.........#.
##†P#.##........+..
#D..# ##.......P#.
#@%## #..........
#?.# .P.......#..
#..............#..
...............#..
....###.........#.
....## #........#.
...## #....:...##
##P## .......P
.....#


You could see a six-headed hydra.

Vanquished Creatures
  4 hydras (Lair:4 Lair:3 Lair:5)
  Pikel (D:7)
  5 elephants (Lair:5)
  Joseph (D:7)
  4 black mambas (Lair:4 Lair:3)
  A merfolk siren (Lair:3)
  Psyche (D:8)
  5 komodo dragons (Lair:1 Lair:2 Lair:3 Lair:5)
  11 spiny frogs (Lair:1 Lair:2 Lair:3 Lair:5)
  2 rime drakes (Lair:1 Lair:5)
  A merfolk (Lair:3)
  A queen bee (Lair:2)
  5 blink frogs (Lair:2 Lair:5)
  6 hippogriffs (D:7 Lair:2 Lair:3)
  Sigmund (D:3)
  A spriggan (D:7)
  4 yaks (Lair:2 Lair:5)
  2 wyverns (Lair:2)
  2 basilisks (Lair:2)
  A steam dragon (Lair:2)
  Duvessa (D:5)
  8 water moccasins (Lair:2 Lair:3 Lair:5)
  3 porcupines (Lair:1 Lair:3)
  An ice beast (D:8)
  3 slaves (D:7)
  2 orc warriors (D:6)
  A black bear (D:5)
  A sky beast (D:7)
  8 ogres (D:4 D:6 D:5 D:7 D:8)
  4 wolves (Lair:4)
  3 crocodiles (Lair:2 Lair:5)
  2 big kobolds (D:8)
  13 bullfrogs (D:6 D:7 D:8 Lair:1 Lair:2)
  Dowan (D:5)
  A scorpion (D:8)
  24 killer bees (Lair:2 Lair:1)
  10 wights (D:6)
  2 electric eels (D:3)
  A howler monkey (D:5)
  4 crimson imps (D:6 D:5)
  A quasit (D:5)
  2 centaur zombies (D:5 D:7)
  6 hounds (D:4 D:5 D:7 D:8)
  2 jellies (D:6 D:7)
  5 orc priests (D:3 D:6 D:5 D:8)
  A centaur skeleton (D:7)
  4 orc wizards (D:3 D:4 D:8)
  3 bullfrog skeletons (D:5 D:7)
  Jessica (D:2)
  An iguana (D:8)
  Natasha (thrice) (D:2)
  5 worker ants (D:4 D:8)
  A hound zombie (D:7)
  A worker ant zombie (D:7)
  Robin (D:2)
  10 gnolls (D:3 D:6 D:8)
  A howler monkey skeleton (D:8)
  7 adders (D:2 D:4 D:5 D:7)
  A shadow imp (D:5)
  4 oozes (D:1 D:5)
  2 adder skeletons (D:4 D:8)
  A worm (D:4)
  3 dart slugs (D:1 D:5)
  4 leopard geckos (D:2 D:4 D:7)
  32 orcs (D:3 D:4 D:6 D:5 D:8)
  6 giant cockroaches (D:4 D:5 D:8)
  19 goblins (D:1 D:2 D:3)
  7 hobgoblins (D:1 D:2)
  15 jackals (D:1 D:3 D:8)
  22 kobolds (D:1 D:2 D:3 D:8)
  2 quokkas (D:3 D:4)
  3 ball pythons (D:1)
  10 bats (D:1 D:2 D:3)
  6 frilled lizards (D:1 D:2 D:4)
  A leopard gecko skeleton (D:7)
  4 rats (D:1 D:2 D:3)
  A fungus (Lair:2)
  A plant (Lair:2)
351 creatures vanquished.

Vanquished Creatures (collateral kills)
  2 spiny frogs (Lair:5)
  4 nagas (Lair:4)
  A water moccasin (Lair:5)
  A killer bee (Lair:2)
8 creatures vanquished.

Vanquished Creatures (others)
  3 fungi (Lair:1 Lair:2)
  3 plants (Lair:3)
6 creatures vanquished.

Grand Total: 365 creatures vanquished

Notes
Turn   | Place    | Note
-------+----------+-------------------------------------------
     0 | D:1      | Monsterracer the Minotaur Berserker began the quest for the
                  | Orb.
     0 | D:1      | Reached XP level 1. HP: 19/19 MP: 0/0
    76 | D:1      | HP: 7/20 [hobgoblin (4)]
    83 | D:1      | HP: 7/20 [bat (1)]
    88 | D:1      | HP: 5/20 [bat (1)]
   103 | D:1      | Reached XP level 2. HP: 8/27 MP: 1/1
   347 | D:1      | Reached skill level 4 in Axes
   881 | D:1      | Reached XP level 3. HP: 33/33 MP: 2/2
   968 | D:1      | Reached ** piety under Trog
  1629 | D:2      | Found a shimmering altar of Xom.
  1629 | D:2      | Found a shimmering altar of Xom.
  1630 | D:2      | Found a shimmering altar of Xom.
  1631 | D:2      | Found a shimmering altar of Xom.
  1631 | D:2      | Found a shimmering altar of Xom.
  1631 | D:2      | Found a shadowy altar of Dithmenos.
  1638 | D:2      | Found a glowing golden altar of the Shining One.
  1638 | D:2      | Found a shimmering blue altar of Sif Muna.
  1725 | D:2      | Noticed Robin
  1734 | D:2      | Killed Robin
  1734 | D:2      | Reached XP level 4. HP: 34/40 MP: 3/3
  1781 | D:2      | Noticed Jessica
  1788 | D:2      | Killed Jessica
  1788 | D:2      | Reached skill level 5 in Axes
  1981 | D:2      | Noticed Natasha
  1987 | D:2      | Killed Natasha
  1987 | D:2      | Reached XP level 5. HP: 41/47 MP: 4/4
  1987 | D:2      | Reached *** piety under Trog
  2041 | D:2      | Found a sacrificial altar of Ru.
  2130 | D:2      | Found a shimmering altar of Xom.
  2178 | D:2      | Noticed Natasha
  2183 | D:2      | Killed Natasha
  2384 | D:2      | Noticed Natasha
  2389 | D:2      | Killed Natasha
  2443 | D:3      | Noticed Sigmund
  2454 | D:3      | Killed Sigmund
  2454 | D:3      | Reached skill level 5 in Fighting
  2454 | D:3      | Reached skill level 6 in Axes
  2454 | D:3      | Reached XP level 6. HP: 56/56 MP: 5/5
  2586 | D:3      | HP: 28/56 [orc priest/nerve-wracking pain (7)]
  2797 | D:3      | Found a transporter.
  2861 | D:3      | Found a transporter.
  3120 | D:3      | HP: 25/56 [gnoll/+0 flail (8)]
  3121 | D:3      | Reached XP level 7. HP: 27/61 MP: 6/6
  3503 | D:2      | Found a radiant altar of Vehumet.
  3503 | D:2      | Found a hide-covered altar of Uskayaw.
  3542 | D:3      | HP: 45/91 [electric eel/bolt of electricity (7)]
  3547 | D:3      | HP: 35/91 [electric eel/bolt of electricity (11)]
  3548 | D:3      | HP: 15/91 [electric eel/bolt of electricity (7)]
  3811 | D:4      | Reached skill level 7 in Axes
  3857 | D:4      | Reached **** piety under Trog
  4017 | D:4      | Found a shimmering blue altar of Sif Muna.
  4038 | D:4      | Reached skill level 5 in Armour
  4221 | D:4      | Found an iron altar of Okawaru.
  4479 | D:5      | Entered Level 5 of the Dungeon
  4517 | D:5      | Reached skill level 8 in Axes
  4517 | D:5      | Reached XP level 8. HP: 69/70 MP: 7/7
  4528 | D:5      | Reached skill level 5 in Dodging
  4529 | D:5      | Noticed Dowan
  4531 | D:5      | You fall into a shaft and drop 1 floor!
  4729 | D:6      | Reached skill level 9 in Axes
  4751 | D:6      | Found Vivel's Distillery.
  4779 | D:6      | HP: 52/106 [wight/+0 halberd (2)]
  4794 | D:6      | HP: 35/71 [wight/+0 morningstar (3)]
  4796 | D:6      | Reached ***** piety under Trog
  5324 | D:6      | Reached XP level 9. HP: 73/79 MP: 8/8
  5342 | D:6      | HP: 39/79 [ogre/+0 giant club (15)]
  5706 | D:5      | Noticed Duvessa
  5717 | D:5      | Killed Dowan
  5717 | D:5      | Reached skill level 10 in Axes
  5720 | D:5      | Killed Duvessa
  5941 | D:5      | Found a snail-covered altar of Cheibriados.
  6129 | D:5      | Found an ornate altar of the Wu Jian Council.
  6411 | D:7      | Found Powuc's Weapon Shop.
  6890 | D:7      | Found a staircase to the Ecumenical Temple.
  6902 | D:7      | Reached skill level 11 in Axes
  7277 | D:7      | Noticed Pikel
  7293 | D:7      | Killed Pikel
  7293 | D:7      | Reached XP level 10. HP: 90/90 MP: 9/9
  7728 | D:7      | Noticed Joseph
  7738 | D:7      | Killed Joseph
  8046 | D:8      | Found a staircase to the Lair.
  8285 | D:8      | Found a shattered altar of Ashenzari.
  8292 | D:8      | Noticed Psyche
  8301 | D:8      | Killed Psyche
  8301 | D:8      | Reached skill level 12 in Axes
  8384 | D:8      | Found a basalt altar of Yredelemnul.
  8826 | Lair:1   | Entered Level 1 of the Lair of Beasts
  9115 | Lair:1   | Noticed a spiny frog
  9127 | Lair:1   | Killed a spiny frog
  9128 | Lair:1   | Noticed a spiny frog
  9135 | Lair:1   | HP: 64/136 [spiny frog (5)]
  9136 | Lair:1   | Killed a spiny frog
  9141 | Lair:1   | HP: 42/91 [poisoned by a spiny frog]
  9148 | Lair:1   | HP: 41/91 [poisoned by a spiny frog]
  9153 | Lair:1   | HP: 41/91 [poisoned by a spiny frog]
  9610 | Lair:1   | HP: 44/91 [komodo dragon (7)]
 10125 | Lair:1   | Noticed a spiny frog
 10132 | Lair:1   | Killed a spiny frog
 10132 | Lair:1   | Reached skill level 13 in Axes
 10626 | Lair:2   | Reached XP level 11. HP: 95/99 MP: 10/10
 10651 | Lair:2   | Reached skill level 10 in Fighting
 10775 | Lair:2   | HP: 40/99 [spiny frog (10)]
 10779 | Lair:2   | HP: 10/99 [spiny frog (12)]
 10784 | Lair:2   | HP: 9/99 [poisoned by a water moccasin]
 10794 | Lair:1   | HP: 13/150 [poisoned by a water moccasin]
 11153 | Lair:1   | HP: 71/150 [spiny frog (7)]
 11158 | Lair:1   | Reached skill level 10 in Armour
 11158 | Lair:1   | HP: 41/150 [poisoned by a spiny frog]
 11163 | Lair:1   | HP: 20/100 [poisoned by a spiny frog]
 11168 | Lair:1   | HP: 19/100 [poisoned by a spiny frog]
 11173 | Lair:1   | HP: 22/100 [poisoned by a spiny frog]
 11178 | Lair:1   | HP: 20/100 [poisoned by a spiny frog]
 11184 | Lair:1   | HP: 19/100 [poisoned by a spiny frog]
 11192 | Lair:1   | HP: 19/100 [poisoned by a spiny frog]
 11604 | Lair:2   | HP: 48/101 [wyvern (5)]
 11612 | Lair:2   | HP: 48/101 [poisoned by a killer bee]
 11676 | Lair:2   | Received a gift from Trog
 11952 | Lair:2   | Reached skill level 14 in Axes
 12431 | Lair:2   | You fall into a shaft and drop 2 floors!
 12431 | Lair:4   | Found a staircase to the Snake Pit.
 13082 | Lair:4   | Noticed a six-headed hydra
 13090 | Lair:4   | Killed a six-headed hydra
 13694 | Lair:3   | HP: 74/153 [spiny frog (9)]
 13891 | Lair:3   | Reached skill level 15 in Axes
 14135 | Lair:3   | HP: 51/102 [poisoned by a black mamba]
 14140 | Lair:3   | HP: 42/102 [poisoned by a black mamba]
 14145 | Lair:3   | HP: 37/102 [poisoned by a black mamba]
 14150 | Lair:3   | HP: 35/102 [poisoned by a black mamba]
 14157 | Lair:3   | HP: 34/102 [poisoned by a black mamba]
 14163 | Lair:3   | HP: 34/102 [poisoned by a black mamba]
 14681 | Lair:3   | Noticed an oklob plant
 14681 | Lair:3   | Noticed an oklob plant
 14681 | Lair:3   | Noticed an oklob plant
 14791 | Lair:3   | Reached XP level 12. HP: 83/110 MP: 11/11
 14792 | Lair:3   | HP: 52/110 [komodo dragon (18)]
 15018 | Lair:3   | HP: 55/110 [poisoned by a spiny frog]
 15023 | Lair:3   | HP: 58/165 [poisoned by a spiny frog]
 15028 | Lair:3   | HP: 28/110 [poisoned by a spiny frog]
 15033 | Lair:3   | HP: 22/110 [poisoned by a spiny frog]
 15038 | Lair:3   | HP: 19/110 [poisoned by a spiny frog]
 15044 | Lair:3   | HP: 18/110 [poisoned by a spiny frog]
 15050 | Lair:3   | HP: 18/110 [poisoned by a spiny frog]
 15408 | Lair:3   | Noticed a six-headed hydra
 15417 | Lair:3   | Killed a six-headed hydra
 15475 | Lair:3   | HP: 48/110 [merfolk/+0 trident (12)]
 15720 | Lair:3   | Found a staircase to the Shoals.
 16060 | Lair:2   | HP: 55/111 [poisoned by a killer bee]
 16065 | Lair:2   | HP: 49/111 [poisoned by a killer bee]
 16070 | Lair:2   | HP: 46/111 [poisoned by a killer bee]
 16076 | Lair:2   | HP: 45/111 [poisoned by a killer bee]
 16082 | Lair:2   | HP: 46/111 [poisoned by a killer bee]
 16730 | Lair:5   | HP: 51/112 [yak (7)]
 17009 | Lair:5   | Noticed a four-headed hydra
 17012 | Lair:5   | Reached skill level 16 in Axes
 17017 | Lair:5   | Killed a four-headed hydra
 17064 | Lair:5   | HP: 53/112 [komodo dragon (7)]
 17787 | Lair:5   | Got a crude glaive
 17797 | Lair:5   | Noticed a four-headed hydra
 17805 | Lair:5   | Killed a four-headed hydra
 17811 | Lair:5   | Identified the cursed +1 glaive of Mutilation {drain,
                  | *Drain +Rage rF+ MR+++} (You found it on level 5 of the
                  | Lair of Beasts)
 17822 | Lair:5   | HP: 49/113 [spiny frog (18)]
 17880 | Lair:5   | Noticed a six-headed hydra
 17884 | Lair:5   | HP: 51/113 [six-headed hydra (7)]
 17887 | Lair:5   | HP: 20/169 [six-headed hydra (11)]
 17887 | Lair:5   | HP: 9/169 [six-headed hydra (8)]
 17889 | Lair:5   | HP: 3/169 [six-headed hydra (6)]
 17889 | Lair:5   | Slain by a six-headed hydra

Levels and vault maps discovered:
D:1:      minmay_arrival_doors, layout_rooms, serial_co_window_serial,
          co_window_of_opportunity_a, co_window_of_opportunity_a,
          co_window_paths_a, co_window_corner_a, co_window_of_opportunity_a,
          co_window_corner_b, co_window_2corner, co_window_unsneaky_path_d,
          co_window_corner_ca, co_window_corner_b, co_window_corner_b,
          co_window_unsneaky_path_e, co_window_sun, glass_columns_c,
          glass_columns_b
D:2:      layout_basic, lemuel_doored_altar, xom_redecorated,
          nicolae_overflow_hidden_temple, uniq_robin, uniq_natasha, uniq_jessica
D:3:      gammafunk_steamed_eel, layout_rooms, minmay_misc_feat_five,
          kennysheep_generic_room_12, uniq_sigmund
D:4:      layout_rooms, okawaru_metal_pillars_1_2, led_sif_pool
D:5:      layout_cave_pools, lemuel_coloured_pillars_altar,
          kennysheep_slug_shrine, first_ration, serial_column_ruins,
          column_ruins_courtyard_long, column_ruins_open_small,
          column_ruins_columns_straight, column_ruins_grid_4,
          column_ruins_open_tiny, minmay_small_thing, uniq_duvessa
D:6:      layout_rooms, serial_shops, nicolae_shop_statue_plus
D:7:      layout_basic, minmay_temple_entry_sparse_star, serial_shops, shop,
          the_bakery, uniq_pikel, uniq_joseph
D:8:      layout_loops_cross, overflow_temple_1_default, lair_entry_dummy,
          basic_altar, uniq_psyche
Lair:1:   layout_layer_cave, grunt_megastairs_2
Lair:2:   regret_index_tunnel_blossom, layout_misc_corridors
Lair:3:   layout_hall_layers, elwin_shoals_entry_rooms, lemuel_fruit_tree,
          minmay_lair_oklob_chamber
Lair:4:   layout_gridlike, minmay_snake_entry_guardpost_small,
          nicolae_volcano_entry_hallway
Lair:5:   layout_roguey, beast_lair_carwin_1

Skill      XL: |  1  2  3  4  5  6  7  8  9 10 11 12 |
---------------+-------------------------------------+-----
Axes           | 4 5 6 8 9 11 13 15 16 | 16.6
Fighting       | 4 5 6 7 8 9 11 12 | 12.5
Armour         | 3 4 5 6 8 9 11 12 | 12.3
Dodging        | 3 4 6 7 |  7.9

Action                   |  1- 3 |  4- 6 |  7- 9 | 10-12 || total
-------------------------+-------+-------+-------+-------++-------
Melee: Hand axe          |    89 |    99 |   332 |    89 ||   609
       Headbutt          |    10 |     8 |    76 |   113 ||   207
       War axe           |       |       |       |   264 ||   264
       Battleaxe         |       |       |       |   156 ||   156
       Flail             |       |       |       |    32 ||    32
Invok: Berserk           |     1 |     1 |    12 |    22 ||    36
       Trog's Hand       |       |     1 |       |     1 ||     2
       Brothers in Arms  |       |       |       |     3 ||     3
  Use: Scroll            |       |       |     6 |    10 ||    16
       Potion            |       |       |       |     1 ||     1
 Stab: Sleeping          |     1 |       |       |       ||     1
       Distracted        |       |       |       |     1 ||     1
  Eat: Chunk             |     2 |     7 |    23 |    19 ||    51
       Ration            |       |       |       |    11 ||    11
Armor: Animal skin       |    13 |     1 |       |       ||    14
       Robe              |       |    12 |       |       ||    12
       Chain mail        |       |     5 |   142 |    46 ||   193
       Plate armour      |       |       |       |   224 ||   224
Dodge: Dodged            |    77 |    70 |   190 |   302 ||   639
